Map: World of Sleepers LE

Players

Ratl - Winner!

  • Race: Protoss Protoss
  • Spawn Location: 1:00

AmBm

  • Race: Zerg Zerg
  • Spawn Location: 7:00

VOD

Have the link to the VOD?

Description

Time

  • Played on: Dec. 22, 2019, 10:06 p.m.
  • Length: 14:31
Show
View Real Time Build Order
Export as new Build Order

Ratl Protoss - Winner!

Build Orders: Double Forge 

Get SALT Encoding   

  12  0:03  Probe  
  13  0:15  Probe  
  13  0:19  Pylon  
  14  0:27  Probe  
  15  0:31  Assimilator  
  15  0:39  Probe (Chrono Boost), Assimilator  
  16  0:51  Probe (Chrono Boost)  
  17  0:57  Gateway  
  17  0:58  Probe (Chrono Boost)  
  18  1:10  Probe  
  19  1:22  Probe, Gateway  
  20  1:34  Probe  
  21  1:46  Probe  
  22  1:51  Cybernetics Core  
  22  2:02  Probe (Chrono Boost)  
  23  2:11  Pylon  
  23  2:16  Probe (Chrono Boost)  
  23  2:19  Pylon  
  23  2:29  Probe  
  24  2:32  Warp Gate (Chrono Boost)  
  24  2:36  Stalker x2  
  28  2:41  Probe  
  29  2:53  Probe  
  30  2:59  Nexus  
  30  3:05  Probe  
  31  3:15  Stalker  
  31  3:17  Probe  
  34  3:27  Stalker  
  34  3:29  Probe  
  37  3:41  Probe  
  37  3:48  Robotics Facility  
  38  3:51  Pylon  
  38  3:59  Gateway  
  38  4:14  Probe (Chrono Boost)  
  40  4:19  Probe (Chrono Boost)  
  41  4:24  Probe (Chrono Boost), Forge x2  
  41  4:28  Probe (Chrono Boost)  
  40  4:52  Pylon  
  40  4:53  Probe  
  40  4:54  Probe, Protoss Ground Weapons Level 1 (Chrono Boost), Protoss Ground Armor Level 1 (Chrono Boost)  
  42  5:00  Observer  
  42  5:05  Probe  
  42  5:06  Probe  
  45  5:07  Gateway  
  45  5:08  Gateway  
  45  5:09  Gateway  
  45  5:17  Probe  
  45  5:18  Probe  
  47  5:25  Shield Battery  
  47  5:29  Probe  
  47  5:33  Gateway  
  48  5:39  Pylon  
  48  5:42  Pylon  
  48  5:45  Twilight Council  
  48  5:52  Immortal  
  48  5:56  Stalker x2  
  56  5:57  Stalker  
  58  6:21  Probe x2  
  58  6:23  Assimilator  
  60  6:25  Assimilator  
  60  6:30  Stalker  
  60  6:31  Immortal, Stalker x2  
  60  6:32  Shield Battery  
  70  6:33  Probe  
  70  6:36  Probe  
  72  6:45  Probe  
  72  7:03  Probe  
  73  7:10  Observer  
  74  7:18  Protoss Ground Weapons Level 2, Protoss Ground Armor Level 2  
  74  7:24  Assimilator  
  73  7:49  Immortal  
  77  8:09  Stalker x4  
  77  8:12  Nexus  
  85  8:15  Assimilator  
  85  8:20  Assimilator  
  85  8:24  Pylon  
  85  8:26  Pylon  
  85  8:29  Observer  
  86  8:44  Stalker x4  
  86  8:45  Stalker x2  
  98  8:58  Gateway  
  98  8:59  Gateway  
  98  9:00  Gateway  
  98  9:02  Gateway  
  98  9:11  Stalker x2  
  102  9:32  Charge  
  102  9:35  Robotics Bay  
  102  9:39  Robotics Facility  
  102  9:58  Probe x2  
  104  10:08  Stalker x3  
  104  10:09  Stalker x3  
  104  10:10  Probe  
  117  10:30  Pylon  
  117  10:34  Pylon  
  117  10:38  Pylon  
  117  10:40  Pylon  
  117  10:41  Pylon  
  117  10:44  Protoss Ground Weapons Level 3 (Chrono Boost), Protoss Ground Armor Level 3 (Chrono Boost)  
  117  10:47  Gateway  
  117  10:52  Colossus x2  
  117  10:55  Gateway  
  117  10:56  Gateway  
  129  11:02  Stalker  
  131  11:39  Probe x2  
  134  11:40  Probe  
  134  11:45  Colossus  
  134  11:46  Colossus  
  142  12:39  Warp Prism  
  144  12:45  Nexus  
  144  12:48  Assimilator, Stalker x2  
  144  12:49  Stalker x4  
  144  12:50  Pylon  
  156  12:53  Pylon  
  156  12:54  Pylon  
  156  13:13  Nexus  
  156  13:15  Colossus  
  123  14:05  Stalker x3  
  123  14:06  Stalker x3  
  133  14:12  Stalker x6  
  133  14:13  Stalker  
Show
View Real Time Build Order
Export as new Build Order

AmBm Zerg 

Build Orders: Pool First 

Get SALT Encoding   

  12  0:04  Drone  
  13  0:19  Overlord  
  13  0:23  Drone  
  13  0:26  Extractor  
  13  0:38  Spawning Pool  
  13  0:42  Drone  
  13  0:46  Drone  
  14  0:53  Drone  
  14  0:56  Drone  
  16  1:06  Overlord  
  16  1:19  Drone  
  17  1:27  Queen  
  19  1:45  Roach Warren  
  18  1:48  Zergling x4  
  18  1:49  Zergling x2  
  21  2:20  Lair  
  21  2:24  Drone x3  
  24  2:38  Hatchery  
  23  2:50  Roach x2  
  27  2:58  Extractor  
  27  3:00  Drone x2  
  28  3:07  Metabolic Boost  
  28  3:24  Drone x2  
  30  3:30  Infestation Pit  
  28  3:45  Roach  
  30  3:49  Overlord x2  
  30  4:00  Roach  
  30  4:07  Roach x4  
  36  4:14  Ravager  
  35  4:46  Roach x2  
  35  4:47  Roach  
  35  4:51  Drone x4  
  35  4:52  Queen  
  45  4:59  Drone  
  48  5:05  Overlord  
  48  5:21  Spire  
  47  5:31  Overlord  
  47  5:32  Overlord  
  47  6:08  Hatchery, Queen  
  47  6:10  Queen  
  50  6:16  Spore Crawler  
  49  6:19  Spore Crawler  
  49  6:20  Drone x2  
  50  6:40  Ravager  
  50  6:41  Ravager  
  50  6:45  Drone x4  
  56  7:10  Drone x3  
  59  7:20  Queen  
  59  7:22  Drone  
  62  7:23  Overlord x2  
  62  7:24  Overlord x3  
  62  7:32  Extractor  
  62  7:34  Extractor  
  62  7:37  Mutalisk x2  
  62  7:45  Mutalisk  
  62  7:46  Mutalisk  
  66  7:53  Drone x3  
  69  8:26  Drone x2  
  69  8:27  Drone  
  72  8:30  Mutalisk x5  
  72  8:31  Mutalisk  
  84  8:40  Corruptor  
  87  8:48  Drone x3  
  87  8:49  Drone  
  87  8:53  Drone x2  
  92  9:00  Drone x2  
  92  9:01  Drone x3  
  97  9:04  Extractor x2  
  95  9:19  Evolution Chamber  
  94  9:27  Spore Crawler  
  93  9:33  Spore Crawler  
  93  9:52  Drone  
  93  9:53  Drone x5  
  98  10:11  Queen  
  100  10:15  Spore Crawler  
  100  10:16  Overlord x5  
  99  10:30  Zerg Missile Weapons Level 1  
  99  10:32  Corruptor  
  99  10:33  Corruptor x3  
  107  10:46  Queen  
  109  11:14  Zerg Flyer Weapons Level 1  
  109  11:21  Hatchery  
  108  11:37  Corruptor x3  
  114  11:40  Mutalisk x6  
  114  11:41  Mutalisk x2  
  115  12:24  Zerg Ground Armor Level 1  
  115  12:35  Ravager x2  
  115  12:36  Ravager x2  
  119  12:38  Overlord  
  119  12:42  Roach x4  
  127  12:44  Mutalisk  
  127  12:45  Mutalisk x6  
  127  12:46  Mutalisk x4  
  149  13:20  Drone x3  
  149  13:21  Queen  
  95  14:06  Mutalisk  
  95  14:07  Mutalisk x3  
Tags
 
Add a new tag
Caveats
  • Supply blocks, unpowered buildings, or Contaminate may cause inaccurate times.
  • Supply counts are checked every 10 seconds.